 Dungeon Crawl Stone Soup version 0.27.1-3-gb3d3a73c9e (webtiles) character file.

Game seed: 16580378904727123232

6300 TigerRab the Grappler (level 10, -10/94 HPs)
             Began as a Troll Gladiator on Oct 15, 2021.
             Was an Elder of Trog.
             Mangled by a skeletal warrior (20 damage)
             ... led by a skeletal warrior
             ... on level 7 of the Dungeon.
             The game lasted 00:52:38 (6859 turns).

TigerRab the Grappler (Troll Gladiator)             Turns: 6859, Time: 00:52:38

Health: -10/94     AC: 13    Str: 33    XL:     10   Next: 63%
Magic:  9/9        EV:  9    Int:  6    God:    Trog [****..]
Gold:   439        SH: 15    Dex: 11    Spells: 9/9 levels left

rFire    . . .     SeeInvis .     - Unarmed
rCold    . . .     Faith    .   u - +0 kite shield
rNeg     . . .     Spirit   .   F - quicksilver dragon scales of a volcano {Will+ Str+6 Int+2}
rPois    .         Reflect  +   b - +0 hat
rElec    .         Harm     .   (no cloak)
rCorr    .         Rampage  .   (gloves unavailable)
Will     +....                  (boots unavailable)
Stlth    +.........             l - amulet of reflection
HPRegen  1.25/turn              (no ring)
MPRegen  0.11/turn              (no ring)

@: unable to read, on berserk cooldown, slowed, very slow
A: large, unfitting armour, claws 3, regeneration 1, shaggy fur 2, tough skin 1,
screaming 1, inability to read while threatened
a: Renounce Religion, Berserk, Trog's Hand, Brothers in Arms


You were on level 7 of the Dungeon.
You worshipped Trog.
Trog was greatly pleased with you.
You visited 1 branch of the dungeon, and saw 7 of its levels.
You also visited: Sewer.

You collected 439 gold pieces.

Inventory:

Hand Weapons
 e - a +0 dagger
 i - a +0 spear
 n - a +1 vorpal hunting sling
 o - a +0 flail
 r - a +0 rapier
 x - a +0 giant spiked club
 y - a +0 halberd
 B - a +1 whip of holy wrath
 D - a +0 shortbow
Missiles
 c - 3 throwing nets
 d - 390 stones
 g - 160 sling bullets
 h - 100 arrows
 j - 14 poisoned darts
 t - 65 bolts
Armour
 a - a +0 robe
 b - a +0 hat (worn)
 u - a +0 kite shield (worn)
 z - +0 steam dragon scales
 C - +1 acid dragon scales
 F - the quicksilver dragon scales of a volcano (worn) {Will+ Str+6 Int+2}
   (You acquired it in a sewer)

   Str:       It affects your strength (+6).
   Int:       It affects your intelligence (+2).
   Will:      It increases your willpower.
Jewellery
 l - an amulet of reflection (around neck)
 A - a ring of fire
Wands
 k - a wand of iceblast (17)
 p - a wand of flame (8)
 q - a wand of polymorph (6)
 J - a wand of paralysis (7)
Scrolls
 m - 4 scrolls of identify
 v - a scroll of enchant armour
 E - a scroll of summoning
 I - 2 scrolls of teleportation
Potions
 f - 2 potions of attraction
 w - 2 potions of magic
 G - a potion of haste
 H - 2 potions of mutation
 K - a potion of brilliance
 L - a potion of degeneration {unknown}
 M - a potion of curing


   Skills:
 * Level 4.4 Fighting
 - Level 1.0 Maces & Flails
 + Level 0.9(2.7) Slings
 * Level 5.5(5.6) Throwing
 * Level 3.0 Armour
 * Level 5.3 Dodging
 * Level 3.1 Stealth
 * Level 5.1 Shields
 * Level 9.6 Unarmed Combat


You had 9 spell levels left.
You didn't know any spells.
Your spell library contained the following spells:

 Spells                   Type           Power      Damage    Failure   Level
 Dazzling Flash           Conj/Hex       0%         N/A       99%         3
 Gell's Gravitas          Tloc           0%         N/A       99%         3
 Lesser Beckoning         Tloc           0%         N/A       99%         3
 Teleport Other           Tloc           0%         N/A       99%         3
 Agony                    Necr           0%         N/A       100%        5
 Silence                  Hex/Air        0%         N/A       100%        5


Dungeon Overview and Level Annotations

Branches:
Dungeon (7/15)             Temple (0/1) D:5           Sewer (visited)

Altars:
Ashenzari
Kikubaaqudgha
Nemelex Xobeh
Trog
Uskayaw
Zin

Shops:
D:2 =


Innate Abilities, Weirdness & Mutations

You are too large for most types of armour.
You have claws for hands.
Your natural rate of healing is unusually fast.
You are covered in thick fur. (AC +2)
You have tough skin. (AC +1)
You occasionally shout uncontrollably at your foes.
You sometimes lose the ability to read scrolls when taking damage.


Message History

You block the skeletal warrior's attack.
You claw the skeletal warrior!
The skeletal warrior is heavily damaged.
You block the skeletal warrior's attack. x2
You barely miss the skeletal warrior.
The skeletal warrior is heavily damaged.
You block the skeletal warrior's attack.
You closely miss the skeletal warrior.
The skeletal warrior is heavily damaged.
The skeletal warrior hits you with a +0 mace.
You block the skeletal warrior's attack.
You claw the skeletal warrior!
The skeletal warrior is severely damaged.
You block the skeletal warrior's attack.
You scratch the skeletal warrior.
The skeletal warrior is severely damaged.
The skeletal warrior hits you with a +0 mace.
You block the skeletal warrior's attack.
You mangle the skeletal warrior!!
You destroy the skeletal warrior!
Trog accepts your kill.
Your Armour skill increases to level 3!
Your shield and quicksilver dragon scales of a volcano prevent you from hitting the skeletal warrior.
The skeletal warrior hits you with a +0 dire flail!
You mangle the skeletal warrior!!
The skeletal warrior is moderately damaged.
The skeletal warrior hits you with a +0 dire flail!
* * * LOW HITPOINT WARNING * * *
You block the skeletal warrior's attack.
You claw the skeletal warrior!
The skeletal warrior is heavily damaged.
You block the skeletal warrior's attack.
You claw the skeletal warrior!
The skeletal warrior is heavily damaged.
The skeletal warrior barely misses you.
The skeletal warrior hits you with a +0 dire flail!!
* * * LOW HITPOINT WARNING * * *
You feel better.
The skeletal warrior hits you with a +0 dire flail!!
You die...

........zz.# .........# #.#.##<.
.#.# #.z...# ########.# #.#.....
.#.# #....# #.....###.#..#.# ...#
#....# #.##^...#.#..#.. .###
#.)..# #.##....#....### .#
##..##########.##....####.# #
.####...........##.##....# #.# #
....#...........##.##....# #.# #
....#...........@z.......# #.###
....#...........##.......# #....
....###'##########.......########
....#....# #..........#
..<##....# #..........#
...##....# #..........#
...##...)# #####......#
...##....# #......# ....#....#
########


You could see a skeletal warrior.

Vanquished Creatures
  A two-headed ogre (D:7)
  4 skeletal warriors (D:7)
  The ghost of CrypticCrinoid the Chopper, a novice MiBe of Trog (D:5)
  Maggie (D:6)
  Sigmund (D:6)
  A steam dragon (D:6)
  Menkaure (D:6)
  5 water moccasins
  A sky beast (D:6)
  3 black bears
  An ice beast (D:6)
  3 ogres
  A phantom (D:6)
  A centaur (D:6)
  2 scorpions
  A wyvern skeleton (D:6)
  A howler monkey (D:4)
  4 jellies
  A centaur zombie (D:7)
  A bullfrog zombie (D:7)
  A centaur skeleton (D:7)
  5 hounds
  An orc priest (D:3)
  A bullfrog skeleton (D:6)
  3 orc wizards (D:7)
  Ijyb (D:3)
  A killer bee zombie (D:7)
  A hound zombie (D:5)
  A hound skeleton (D:5)
  A howler monkey skeleton (D:7)
  7 gnolls
  13 adders
  A white imp (D:5)
  An ufetubus (D:7)
  2 worms
  3 dart slugs
  12 orcs
  13 ball pythons
  4 endoplasms (D:1)
  7 giant cockroaches
  36 goblins
  27 hobgoblins
  10 jackals
  16 kobolds
  5 quokkas
  5 bats
  9 frilled lizards
  7 rats
229 creatures vanquished.

Vanquished Creatures (others)
  13 plants (Sewer)
13 creatures vanquished.

Grand Total: 242 creatures vanquished

Notes
Turn   | Place    | Note
-------+----------+-------------------------------------------
     0 | D:1      | TigerRab the Troll Gladiator began the quest for the Orb.
     0 | D:1      | Reached XP level 1. HP: 19/19 MP: 0/0
   140 | D:1      | Reached XP level 2. HP: 28/28 MP: 1/1
   479 | D:1      | Found a faded altar of an unknown god.
   571 | D:1      | Reached XP level 3. HP: 34/35 MP: 2/2
   979 | D:2      | Found Toru's Jewellery Boutique.
  1464 | D:2      | Reached XP level 4. HP: 42/42 MP: 3/3
  1842 | D:3      | Reached skill level 4 in Unarmed Combat
  1906 | D:3      | Found a bloodstained altar of Trog.
  1954 | D:3      | Became a worshipper of Trog the Wrathful
  1970 | D:3      | Found a broken altar of Ashenzari.
  1974 | D:3      | Noticed Ijyb
  1987 | D:3      | Killed Ijyb
  1988 | D:3      | Reached skill level 1 in Shields
  1988 | D:3      | Reached XP level 5. HP: 30/49 MP: 4/4
  2169 | D:3      | Found a sparkling altar of Nemelex Xobeh.
  2271 | D:4      | Found an ancient bone altar of Kikubaaqudgha.
  2278 | D:4      | Found a glowing silver altar of Zin.
  2325 | D:4      | Found a hide-covered altar of Uskayaw.
  2468 | D:4      | Reached skill level 5 in Unarmed Combat
  2468 | D:4      | Reached XP level 6. HP: 57/57 MP: 5/5
  2665 | D:4      | Reached skill level 1 in Stealth
  2948 | D:5      | Entered Level 5 of the Dungeon
  2988 | D:5      | Found a runed translucent door.
  3091 | D:5      | Reached XP level 7. HP: 51/66 MP: 6/6
  3160 | D:5      | Reached * piety under Trog
  3174 | D:5      | Reached skill level 6 in Unarmed Combat
  3265 | D:5      | Noticed CrypticCrinoid's ghost (novice MiBe)
  3299 | D:5      | Killed CrypticCrinoid's ghost
  3300 | D:5      | Reached XP level 8. HP: 55/74 MP: 7/7
  3580 | D:5      | Reached ** piety under Trog
  3769 | D:5      | Reached skill level 7 in Unarmed Combat
  3776 | D:5      | Reached *** piety under Trog
  4038 | D:5      | Found a staircase to the Ecumenical Temple.
  4382 | D:6      | Noticed Menkaure
  4408 | D:6      | Killed Menkaure
  4599 | D:6      | Reached XP level 9. HP: 83/83 MP: 8/8
  4599 | D:6      | Noticed Maggie
  4614 | D:6      | Killed Maggie
  4692 | D:6      | Noticed Sigmund
  4699 | D:6      | Reached skill level 8 in Unarmed Combat
  4711 | D:6      | Killed Sigmund
  4824 | D:6      | Reached skill level 1 in Maces & Flails
  5043 | D:6      | Found a glowing drain.
  5061 | Sewer    | Entered a sewer
  5197 | Sewer    | Identified a scroll of acquirement
  5197 | Sewer    | Acquired the quicksilver dragon scales of a volcano {Will+
                  | Str+6 Int+2}
  5388 | Sewer    | Gained mutation: You sometimes lose the ability to read
                  | scrolls when taking damage. [potion of mutation]
  5388 | Sewer    | Gained mutation: You occasionally shout uncontrollably at
                  | your foes. [potion of mutation]
  5388 | Sewer    | Gained mutation: You are covered in thick fur. (AC +2)
                  | [potion of mutation]
  5451 | Sewer    | Reached **** piety under Trog
  6530 | D:7      | Reached skill level 1 in Armour
  6557 | D:7      | Reached skill level 5 in Throwing
  6753 | D:7      | Noticed a skeletal warrior
  6781 | D:7      | Killed a skeletal warrior
  6782 | D:7      | Reached skill level 5 in Dodging
  6782 | D:7      | Reached XP level 10. HP: 65/92 MP: 9/9
  6783 | D:7      | Noticed a skeletal warrior
  6784 | D:7      | Noticed a two-headed ogre
  6784 | D:7      | Noticed a skeletal warrior
  6784 | D:7      | Noticed a skeletal warrior
  6785 | D:7      | Noticed a skeletal warrior
  6804 | D:7      | Killed a two-headed ogre
  6805 | D:7      | Reached skill level 9 in Unarmed Combat
  6839 | D:7      | Killed a skeletal warrior
  6846 | D:7      | Killed a skeletal warrior
  6847 | D:7      | Reached skill level 5 in Shields
  6854 | D:7      | Killed a skeletal warrior
  6858 | D:7      | HP: 3/94 [skeletal warrior[a skeletal warrior] (26)]
  6859 | D:7      | Mangled by a skeletal warrior

Illustrated notes

Levels and vault maps discovered:
D:1:      dpeg_arrival_three_same_balls, layout_basic,
          ebering_ecumenical_altar_webs, minmay_crystal_water, minivault_25
D:2:      layout_loops_corners, serial_shops, shop, nrook_uturn
D:3:      layout_rooms, mainiacjoe_overflow_small_starburst,
          lemuel_doored_altar, lemuel_coloured_pillars_altar, uniq_ijyb
D:4:      layout_basic, nicolae_uskayaw_murder_on_the_dancefloor, minitemple,
          serial_curves, eino_curves_03, eino_curves_01, st_stairs_3
D:5:      minmay_goblin_kobold_castle, layout_rooms,
          minmay_temple_entry_mini_moons, ebering_ghost_sewer_d,
          grunt_ministairs_6
D:6:      layout_basic, gup_sewer_entry_glass, uniq_maggie, uniq_menkaure,
          uniq_sigmund
D:7:      layout_basic, grunt_temple_overflow_diamond, grunt_ministairs_3,
          uniq_duvessa

Skill      XL: |  1  2  3  4  5  6  7  8  9 10 |
---------------+-------------------------------+-----
Unarmed Combat | 4 5 6 7 8 9 |  9.6
Fighting       | 2 3 4 |  4.4
Dodging        | 3 4 5 |  5.3
Shields        | 1 2 3 4 5 |  5.1
Throwing       | 2 3 4 5 |  5.5
Stealth        | 1 2 3 |  3.1
Maces & Flails | 1 |  1.0
Armour         | 1 3 |  3.0
Slings         | |  0.9

Action                   |  1- 3 |  4- 6 |  7- 9 | 10-12 || total
-------------------------+-------+-------+-------+-------++-------
Melee: Unarmed           |    95 |   107 |   398 |    41 ||   641
       Punch             |       |     1 |       |       ||     1
       Giant spiked club |       |       |     8 |       ||     8
       Whip              |       |       |     5 |       ||     5
 Fire: Hunting sling     |       |       |    18 |       ||    18
Throw: Stone             |       |    73 |    92 |       ||   165
Invok: Berserk           |       |       |     1 |     1 ||     2
Evoke: Wand              |       |       |     3 |       ||     3
  Use: Potion            |     2 |     1 |     7 |     2 ||    12
       Scroll            |     1 |     4 |     8 |       ||    13
 Stab: Sleeping          |       |       |     1 |       ||     1
Armor: Robe              |    30 |    24 |    30 |       ||    84
       Steam dragon scal |       |       |    21 |       ||    21
       Quicksilver drago |       |       |    40 |     2 ||    42
Dodge: Dodged            |    50 |    35 |   116 |     9 ||   210
Block: Other             |    12 |    13 |     1 |       ||    26
       Reflection        |       |     1 |    22 |       ||    23
       Kite shield       |       |    15 |   320 |    29 ||   364
